 Dungeon Crawl Stone Soup version 0.29-a0-1047-g7c58e119a4 (webtiles) character file.

Game seed: 2467550769270982226

14127 Zeldest the Grappler (level 12, 0/157 HPs)
             Began as a Meteoran Fighter on Aug 16, 2022.
             Was an Initiate of Jiyva.
             Succumbed to a cane toad's poison
             ... on level 5 of the Lair of Beasts.
             The game lasted 00:23:06 (3608 turns).

Zeldest the Grappler (Meteoran Fighter)             Turns: 3608, Time: 00:23:06

Health: 0/157      AC: 15    Str: 27    XL:     12   Next: 74%
Magic:  13/13      EV: 15    Int: 10    God:    Jiyva [......]
Gold:   402        SH: 10    Dex: 16    Spells: 11/11 levels left

rFire   . . .      SeeInvis .     - Unarmed
rCold   + . .      Faith    .   b - +0 buckler
rNeg    . . .      Spirit   .   A - +2 scale mail {rC+}
rPois   .          Reflect  +   B - +2 helmet
rElec   .          Harm     .   (no cloak)
rCorr   .          Rampage  .   (no gloves)
Will    +....                   m - +0 pair of boots
Stlth   ..........              l - amulet of reflection
HPRegen 0.36/turn               w - +6 ring of strength
MPRegen 0.13/turn               (no ring)

@: berserking (expiring), lethally poisoned (0 -> -8), glowing, very quick
A: sense surroundings 2, otherworldly, glowing, explore regen
a: Renounce Religion


You were on level 5 of the Lair of Beasts.
You worshipped Jiyva.
Jiyva was noncommittal.
You visited 3 branches of the dungeon, and saw 14 of its levels.

You collected 402 gold pieces.

Inventory:

Armour
 b - a +0 buckler (worn)
 m - a +0 pair of boots (worn)
 A - a +2 scale mail of cold resistance (worn)
 B - a +2 helmet (worn)
Jewellery
 l - an amulet of reflection (around neck)
 w - a +6 ring of strength (left hand)
Wands
 a - a wand of paralysis (3)
 n - a wand of acid (5)
 q - a wand of mindburst (9)
 x - a wand of polymorph (7)
Scrolls
 e - 3 scrolls of noise
 g - a scroll of identify
 p - a scroll of summoning
 u - 2 scrolls of poison
Potions
 c - a potion of might
 f - a potion of resistance
 i - a potion of cancellation
 j - a potion of mutation
 o - a potion of brilliance
 z - 2 potions of flight


   Skills:
 + Level 9.4 Fighting
 + Level 10.4 Armour
 + Level 9.5 Dodging
 - Level 5.2 Shields
 + Level 12.9 Unarmed Combat
 + Level 9.0 Evocations


You had 11 spell levels left.
You didn't know any spells.
Your spell library contained the following spells:

 Spells                   Type           Power      Damage    Failure   Level
 Magic Dart               Conj           0%         1d3       67%         1
 Slow                     Hex            0%         N/A       67%         1
 Sting                    Tmut/Pois      0%         1d3       67%         1
 Summon Small Mammal      Summ           0%         N/A       67%         1
 Call Imp                 Summ           0%         N/A       80%         2
 Poisonous Vapours        Pois/Air       0%         N/A       80%         2
 Call Canine Familiar     Summ           0%         N/A       95%         3
 Confusing Touch          Hex            0%         N/A       95%         3
 Mephitic Cloud           Conj/Pois/Air  0%         N/A       95%         3
 Ozocubu's Armour         Ice            0%         N/A       95%         3
 Summon Guardian Golem    Hex/Summ       0%         N/A       95%         3
 Vampiric Draining        Necr           0%         2d6       95%         3
 Corpse Rot               Necr/Pois/Air  0%         N/A       100%        4
 Olgreb's Toxic Radiance  Pois           0%         N/A       100%        4
 Ozocubu's Refrigeration  Ice            0%         4d7       100%        7


Dungeon Overview and Level Annotations

Branches:
Dungeon (8/15) Zot: 2331   Temple (1/1) D:6 Zot: 523    Lair (5/5) D:8 Zot: 2036
  Slime (0/5) Lair:5
  Swamp: Lair:2-3    Shoals: Lair:2-3     Snake: Lair:2-3    Spider: Lair:2-3

Altars:
Cheibriados
Dithmenos
Elyvilon
Fedhas
Hepliaklqana
Kikubaaqudgha
Makhleb
Nemelex Xobeh
Okawaru
Qazlal
Ru
Sif Muna
Trog
Uskayaw
Vehumet
Wu Jian
Xom
Yredelemnul
Zin
The Shining One
Jiyva


Innate Abilities, Weirdness & Mutations

You passively map the area around you.
You are easily found by Zot.
You glow in the dark.
You regain HP and MP as you explore.


Message History

You closely miss the vampire mosquito.
The vampire mosquito is severely damaged.
You block the vampire mosquito's attack. x2
You pummel the vampire mosquito!!
You destroy the vampire mosquito!
Your Evocations skill increases to level 9!
You hit the cane toad but do no damage. The cane toad completely misses you.
You hit the cane toad.
The cane toad is lightly wounded.
The cane toad stings you!
* * * LOW HITPOINT WARNING * * *
You are lethally poisoned!
The cane toad poisons you!
Aiming: Corrosive Bolt
Press: ? - help, Shift-Dir - straight line, f - cane toad
Aim: a cane toad (lightly wounded, 77% to hit)
The bolt of acid hits the cane toad!
The acid corrodes the cane toad!
The cane toad is heavily wounded.
* * * LOW HITPOINT WARNING * * *
You feel very sick. The cane toad stings you.
* * * LOW HITPOINT WARNING * * *
Aiming: Corrosive Bolt
Press: ? - help, Shift-Dir - straight line, f/p - cane toad
Aim: a cane toad (heavily wounded, covered in acid, 77% to hit)
The bolt of acid hits the cane toad!!
The cane toad seems to be corroded for longer.
You kill the cane toad!
* * * LOW HITPOINT WARNING * * *
You feel very sick.
Okay, then.
A red film seems to cover your vision as you go berserk!
You feel yourself moving faster!
You feel mighty!
* * * LOW HITPOINT WARNING * * *
You feel very sick.
You feel a strong urge to attack something.
* * * LOW HITPOINT WARNING * * *
You feel sick.
Items here: ††††††.
You die...

~ , #............ , * ~
###.#.##....# ~~.
#......#.### * ~~~...
##§..#..#.## ~ ~ ~~~~..
#.#....#...# * * #~~~..,
##†........#..,* ~*#~~~..#
#.#.##........ *, ~ *
##~~...####†..#.#..###. ~ ~
~~~~~.....@.....#...#* ~
S≈~~.~~.........#..## ### ,
~
~≈~~.##..P.....##.P#####..#
~ ~ , #.........†..##.#...#
~ ~ ##..(P...#....###†...#
~~ ~ #.....(..##..†.......#
~ ~ ##.......#.#..#.....#.
~~~ , *.......#####.##...P#
≈≈~~~≈~.. ###.#..#.#
####...##


There were no monsters in sight!

Vanquished Creatures
  A catoblepas (Lair:4)
  Pikel (D:7)
  A black mamba (Lair:5)
  7 cane toads
  6 komodo dragons
  14 blink frogs
  2 wyverns
  5 yaks (Lair:5)
  3 steam dragons
  A vampire mosquito (Lair:5)
  A basilisk (Lair:4)
  Edmund (D:6)
  7 water moccasins
  5 black bears
  An ice beast (D:5)
  A sky beast (D:7)
  2 orc warriors (D:6)
  3 ogres
  A wolf (Lair:2)
  2 phantoms (D:5)
  9 bullfrogs
  3 kobold brigands
  2 necrophages
  2 scorpions
  6 killer bees (D:7)
  A quasit (D:5)
  2 hounds
  A gnoll bouda (D:5)
  A jelly (D:4)
  An orc priest (D:6)
  4 orc wizards
  2 iguanas (D:5)
  9 gnolls
  3 adders
  4 shadow imps
  8 white imps
  An ufetubus (D:5)
  2 dart slugs
  21 orcs
  A bat (D:2)
  5 endoplasms
  3 goblins
  A hobgoblin (D:2)
  2 quokkas (D:2)
  2 ball pythons (D:4)
  A frilled lizard (D:2)
  22 kobolds
  2 rats (D:3)
186 creatures vanquished.

Vanquished Creatures (collateral kills)
  A black mamba (Lair:2)
  4 blink frogs (Lair:4)
5 creatures vanquished.

Vanquished Creatures (others)
  A blink frog (Lair:5)
  A kobold brigand (D:7)
  A jelly (Lair:5)
  A bush (Lair:5)
  3 demonic plants (D:5)
  42 fungi
  101 plants
150 creatures vanquished.

Grand Total: 341 creatures vanquished

Notes
Turn   | Place    | Note
-------+----------+-------------------------------------------
     0 | D:1      | Zeldest the Meteoran Fighter began the quest for the Orb.
     0 | D:1      | Reached XP level 1. HP: 19/19 MP: 2/2
    68 | D:2      | Reached XP level 2. HP: 26/26 MP: 3/3
   141 | D:2      | Reached skill level 3 in Unarmed Combat
   141 | D:2      | Reached XP level 3. HP: 31/31 MP: 4/4
   171 | D:2      | Reached skill level 1 in Dodging
   187 | D:2      | Reached XP level 4. HP: 7/39 MP: 5/5
   203 | D:2      | Found a faded altar of an unknown god.
   532 | D:4      | Reached XP level 5. HP: 46/46 MP: 6/6
   617 | D:4      | Reached skill level 4 in Unarmed Combat
   647 | D:5      | Entered Level 5 of the Dungeon
   647 | D:5      | Noticed a phantom
   668 | D:5      | Killed a phantom
   669 | D:5      | Reached XP level 6. HP: 45/52 MP: 7/7
   731 | D:5      | Noticed a black bear
   731 | D:5      | Noticed a water moccasin
   746 | D:5      | Killed a black bear
   747 | D:5      | Reached skill level 5 in Unarmed Combat
   747 | D:5      | Reached XP level 7. HP: 24/60 MP: 8/8
   752 | D:5      | Killed a water moccasin
   753 | D:5      | Reached skill level 5 in Armour
   753 | D:5      | Reached skill level 5 in Shields
   932 | D:5      | Reached skill level 6 in Unarmed Combat
   932 | D:5      | Reached XP level 8. HP: 31/67 MP: 9/9
  1028 | D:5      | Found a snail-covered altar of Cheibriados.
  1095 | D:5      | Reached skill level 1 in Evocations
  1120 | D:5      | HP: 1/67 [ice beast (12)]
  1122 | D:5      | Reached skill level 5 in Fighting
  1299 | D:6      | Found a staircase to the Ecumenical Temple.
  1311 | Temple   | Entered the Ecumenical Temple
  1373 | Temple   | Became a worshipper of the Shining One
  1400 | D:6      | Noticed a steam dragon
  1407 | D:6      | Killed a steam dragon
  1408 | D:6      | Reached skill level 7 in Unarmed Combat
  1435 | D:6      | Gained mutation: You passively map the area around you.
                  | [Meteoran growth]
  1435 | D:6      | Reached XP level 9. HP: 74/74 MP: 10/10
  1632 | D:6      | Found a white marble altar of Elyvilon.
  1636 | D:6      | Fell from the grace of the Shining One
  1636 | D:6      | Became a worshipper of Elyvilon the Healer
  1714 | D:7      | Reached skill level 8 in Unarmed Combat
  1742 | D:7      | Reached skill level 5 in Dodging
  1792 | D:7      | Noticed Pikel
  1819 | D:7      | Killed Pikel
  1916 | D:7      | Reached XP level 10. HP: 61/83 MP: 11/11
  1922 | D:7      | Reached skill level 9 in Unarmed Combat
  1932 | D:6      | Noticed Edmund
  1935 | D:6      | Killed Edmund
  1985 | D:7      | Reached skill level 5 in Evocations
  2014 | D:7      | Identified the +2 leather armour of Action {+Inv MP+9
                  | Int+2}
  2070 | D:7      | Reached * piety under Elyvilon
  2383 | D:8      | Reached skill level 10 in Unarmed Combat
  2522 | D:8      | Found a staircase to the Lair.
  2591 | Lair:1   | Entered Level 1 of the Lair of Beasts
  2598 | Lair:1   | Noticed a komodo dragon
  2608 | Lair:1   | Killed a komodo dragon
  2618 | Lair:2   | Noticed a black mamba
  2625 | Lair:2   | Reached XP level 11. HP: 63/92 MP: 12/12
  2626 | Lair:2   | Killed a black mamba
  2645 | Lair:2   | Reached skill level 11 in Unarmed Combat
  2695 | Lair:5   | Entered Level 5 of the Lair of Beasts
  2695 | Lair:5   | Reached ** piety under Elyvilon
  2837 | Lair:4   | HP: 2/93 [cane toad (17)]
  2839 | Lair:4   | Elyvilon protects you from harm!
  3013 | Lair:4   | Reached skill level 12 in Unarmed Combat
  3087 | Lair:5   | Noticed a catoblepas
  3223 | Lair:4   | Killed a catoblepas
  3268 | Lair:5   | Found a viscous altar of Jiyva.
  3269 | Lair:5   | Found a staircase to the Slime Pits.
  3272 | Lair:5   | Fell from the grace of Elyvilon
  3272 | Lair:5   | Became a worshipper of Jiyva Jirphef the Shapeless
  3304 | Lair:5   | Reached XP level 12. HP: 94/103 MP: 13/13
  3496 | Lair:5   | Reached skill level 10 in Armour
  3605 | Lair:5   | HP: 4/105 [poisoned by a cane toad]
  3608 | Lair:5   | Succumbed to a cane toad's poison

Illustrated notes

Levels and vault maps discovered:
D:1:      minmay_arrival_split_and_join, layout_loops_ring, minmay_pentomino_v4
D:2:      layout_loops_ring, chequers_ecumenical_altar_simple, uniq_terence
D:3:      layout_loops_ring, serial_shops, shop,
          corexii_item_surrounded_by_moat, grunt_decor_junction
D:4:      layout_cave_pools
D:5:      layout_cave_pools, mainiacjoe_overflow_paths, serial_demonic,
          serial_demonic_g, serial_demonic_c, serial_demonic_f,
          serial_demonic_b, serial_demonic_f, serial_demonic_d, st_stairs_12
D:6:      layout_basic, marbit_many_paths, minmay_temple_entry_stoned_glass,
          minmay_diced_spiral, uniq_edmund
D:7:      layout_basic, grunt_decor_mini_mirrors, st_stairs_9,
          minmay_quadrilaterals, uniq_menkaure, uniq_prince_ribbit1, uniq_pikel
D:8:      layout_rooms, due_lair_maze_entry_diamond
Temple:   compressed_dpeg_circular_temple
Lair:1:   layout_regular_city
Lair:2:   layout_small_grid, minmay_shoals_entry_hut, uniq_maggie
Lair:3:   layout_misc_corridors, dummy_snake_entry, wad_woods_river_01
Lair:4:   layout_long_grid, serial_bayou_shore_b
Lair:5:   minmay_lair_end_frog_pond, layout_loops_ring,
          dpeg_slime_entry_enclosed, lemuel_fruit_tree

Skill      XL: |  1  2  3  4  5  6  7  8  9 10 11 12 |
---------------+-------------------------------------+-----
Unarmed Combat | 3 4 5 6 7 8 10 12 | 12.9
Dodging        | 1 2 3 4 5 7 8 9 |  9.5
Armour         | 4 5 6 8 9 10 | 10.4
Shields        | 4 5 |  5.2
Fighting       | 4 5 6 7 8 9 |  9.4
Evocations     | 2 4 6 7 9 |  9.0

Action                   |  1- 3 |  4- 6 |  7- 9 | 10-12 || total
-------------------------+-------+-------+-------+-------++-------
Melee: Unarmed           |    59 |   134 |   263 |   454 ||   910
Evoke: Wand              |       |       |     8 |    14 ||    22
  Use: Potion            |     2 |     1 |     1 |     6 ||    10
       Scroll            |       |     1 |     1 |    17 ||    19
 Stab: Paralysed         |       |       |       |    10 ||    10
Armor: Scale mail        |    26 |    39 |    60 |   125 ||   250
       Leather armour    |       |       |       |     4 ||     4
Dodge: Dodged            |    14 |    29 |    73 |   170 ||   286
Block: Buckler           |    18 |    49 |    97 |   198 ||   362
       Reflection        |       |     4 |     4 |     3 ||    11

Table legend: (Time is in decaauts)
 A = Elapsed time spent in this place.
 B = Non-inter-level travel time spent in this place.
 C = Inter-level travel time spent in this place.
 D = Time resting spent in this place.
 E = Time spent auto-exploring this place.
 F = Levels seen in this place.
 G = Mean time per level.
                   A        B        C        D        E       F      G
               +--------+--------+--------+--------+--------+-----+--------+
         Total |   3509 |   3297 |    212 |      0 |      0 |  14 |  250.6 |
       Dungeon |   2469 |   2298 |    171 |      0 |      0 |   8 |  308.6 |
        Temple |     76 |     76 |      0 |      0 |      0 |   1 |   76.0 |
          Lair |    963 |    922 |     41 |      0 |      0 |   5 |  192.6 |
               +--------+--------+--------+--------+--------+-----+--------+

Top non-repeatable levels by time:
  Lair:4: 554 daAuts
     D:6: 549 daAuts
     D:7: 518 daAuts
     D:5: 496 daAuts
  Lair:5: 342 daAuts
     D:4: 234 daAuts
     D:2: 224 daAuts
     D:8: 219 daAuts
     D:3: 165 daAuts
  Temple: 76 daAuts
     D:1: 61 daAuts
  Lair:2: 28 daAuts
  Lair:1: 25 daAuts
  Lair:3: 12 daAuts
